AoeStats
← prontoelpibe

Golden Pit

509004625Analyzed
1v1 RM · 7d ago on Sep 25, 2026· 46m 8s· 2 players
Game mode
Random Map
Map size
Tiny (2 player)
Population
200
Speed
Normal
Resources
Standard
Victory
Conquest
Starting age
Dark Age
Ending age
Imperial Age
RankedLock teamsTeams togetherTeam positionsShared explorationLock speedFull tech treeHidden civsTurbo modeCheats
Victory
Defeat
🇺🇾 Burgundians · Uruguay
592
+16
🇺🇸 Celts · United States
592
-16
ProfessorPlum
11:39 Feudal Age
11:18 Loom
12:29 Horse Collar
12:37 Double-Bit Axe
15:05 Man-at-Arms
16:13 Gold Mining
19:44 Castle Age
18:13 Scale Mail Armor
19:53 Scale Barding Armor
20:39 Pikeman
23:01 Gambesons
prontoelpibe
2:42 Double-Bit Axe
6:50 Loom
7:30 Gold Mining
12:33 Feudal Age
18:03 Castle Age
18:10 Cavalier
22:36 Scale Barding Armor
25:08 Husbandry
31:41 Horse Collar
37:49 Imperial Age
38:33 Forging
41:12 Town Watch
43:41 Paladin
Connection lost

Rejoining the realm…

Still unreachable

The connection could not be restored.

Session expired

The server has moved on; the page needs a fresh start.